 Dungeon Sprint DCSS version 0.24-a0-250-g6074511092 (webtiles) character file.

Game seed: 15284957877327236267

6048 Redear the Thaumaturge (level 10, -30/86 HPs)
             Began as a Gnoll Skald on Apr 15, 2019.
             Was the Champion of Cheibriados.
             Killed from afar by a naga mage (illusionary) (46 damage)
             ... with a bolt of poison
             ... in the Dungeon (Sprint VII: "The Pits").
             The game lasted 00:08:46 (1193 turns).

Redear the Thaumaturge (Gnoll Skald)                Turns: 1193, Time: 00:08:47

Health: -30/86     AC: 10    Str: 31    XL:     10   Next: 87%
Magic:  6/24       EV: 23    Int: 34    God:    Cheibriados [******]
Gold:   0          SH:  0    Dex: 33    Spells: 22/30 levels left

rFire    . . .     SeeInvis .   w - +2 scimitar (holy)
rCold    + . .     Gourm    .   (no shield)
rNeg     . . .     Faith    .   n - +3 ring mail
rPois    x         Spirit   .   (no helmet)
rElec    .         Reflect  .   (no cloak)
rCorr    .         Harm     .   (no gloves)
MR       .....     Clarity  +   (no boots) Stlth +++++.....NoTele +
                                (no amulet)
HPRegen  1.24/turn              p - +3 ring of strength
MPRegen  0.19/turn              s - +3 ring of dexterity

@: lethally poisoned (-30 -> -45), infused, poison vulnerable, regenerating,
very slow
A: distributed training, fangs 1, talons 1, clarity, cold resistance 1, strong
nose
a: Bend Time, Temporal Distortion, Slouch, Step From Time, Renounce Religion


You were in the Dungeon.
You worshipped Cheibriados.
Cheibriados was exalted by your worship.
You were hungry.

You visited 1 branch

Inventory:

Hand Weapons
 a - a +2 falchion of pain
 b - a +2 dagger
 l - a +1 long sword of flaming
 w - a +2 scimitar of holy wrath (weapon)
Armour
 c - a +0 leather armour
 m - a +3 scale mail
 n - a +3 ring mail (worn)
 t - a +4 scale mail
 u - a +0 pair of boots
 v - a +4 chain mail
Jewellery
 p - a +3 ring of strength (left hand)
 s - a +3 ring of dexterity (right hand)
Scrolls
 e - 5 scrolls of amnesia
 g - a scroll of summoning
 N - 3 scrolls of remove curse
Potions
 h - 4 potions of magic
 i - 3 potions of berserk rage
 j - 2 potions of invisibility
 q - a potion of resistance {rF+ rC+ rPois rElec rCorr}
 r - 2 potions of might {Str+5 DMG+1d10 | @q3}
 H - 2 potions of haste {@q5}
 Q - 8 potions of curing {@q2}
Comestibles
 z - 9 rations


   Skills:
 + Level 10.3 Fighting
 + Level 9.3 Short Blades
 + Level 10.3 Long Blades
 + Level 9.3 Axes
 + Level 9.3 Maces & Flails
 + Level 9.3 Polearms
 + Level 9.3 Staves
 + Level 9.3 Slings
 + Level 9.3 Bows
 + Level 9.3 Crossbows
 + Level 9.3 Throwing
 + Level 9.7 Armour
 + Level 10.3 Dodging
 + Level 9.3 Stealth
 + Level 9.3 Shields
 + Level 9.3 Unarmed Combat
 + Level 10.5 Spellcasting
 + Level 7.8 Conjurations
 + Level 7.8 Hexes
 + Level 9.5 Charms
 + Level 7.8 Summonings
 + Level 7.8 Necromancy
 + Level 7.8 Translocations
 + Level 7.8 Transmutations
 + Level 7.8 Fire Magic
 + Level 7.8 Ice Magic
 + Level 7.8 Air Magic
 + Level 7.8 Earth Magic
 + Level 7.8 Poison Magic
 + Level 10.1 Invocations
 + Level 9.3 Evocations


You had 22 spell levels left.
You knew the following spells:

 Your Spells              Type           Power        Failure   Level  Hunger
h - Shroud of Golubria    Chrm/Tloc      ######....   1%          2    None
y - Song of Slaying       Chrm           ######..     1%          2    None
z - Infusion              Chrm           ####         1%          1    None
D - Regeneration          Chrm/Necr      ######....   1%          3    None

Your spell library contained the following spells:

 Spells                   Type           Power        Failure   Level  Hunger
 Spectral Weapon          Hex/Chrm       ######..     1%          3    None


Dungeon Overview and Level Annotations

Branches:
Dungeon (1/1)

Altars:
Ashenzari
Cheibriados
Dithmenos
Elyvilon
Fedhas
Gozag
Hepliaklqana
Kikubaaqudgha
Makhleb
Nemelex Xobeh
Okawaru
Qazlal
Ru
Sif Muna
Trog
Uskayaw
Vehumet
Wu Jian
Xom
Yredelemnul
Zin
The Shining One
Beogh
Jiyva
Lugonu


Innate Abilities, Weirdness & Mutations

Your experience applies equally to all skills.
You have very sharp teeth.
Your uncanny sense of smell can sniff out nearby items.
You have sharp toenails.
You possess an exceptional clarity of mind.
Your flesh is cold resistant. (rC+)


Message History

You can feel time thicken for a moment.
You feel somewhat more hungry.
The injured rakshasa weaves a defensive illusion!
You feel sick. The rakshasa misses you.
The naga ritualist casts a spell at you.
You feel yourself grow more vulnerable to poison.
* * * LOW HITPOINT WARNING * * *
The naga ritualist constricts you.
You take 2 damage, and have 17/85 hp.
You now have 5/24 mp.
Okay, then.
You closely miss the naga ritualist. Your kick misses the naga ritualist.
The naga ritualist is almost dead.
You feel sick.
The naga mage gestures at you while chanting.
The bolt of poison hits the naga ritualist.
The naga ritualist dies!
Your Invocations skill increases to level 10!
The bolt of poison hits you!!!
You are more poisoned.
Ouch! That really hurt!
You die...

.##................#
)#####'#####''######
.##.......##'†#########
)##.......##†.....#...+
.##.......##....###...### N .
###...<...##...##.+.)†'.## N..#
.##.......##..##RR##'##(.##...#
.##.......##..#.R##...##..gN..#
###.......##..#.@#N....#..#...#
.###########..'.†)NN...'..'...+
############..#..#N....#..#h..#
#....#..[.##..#..##...##..R. #
#)...#....##÷.##..##'##..##.
')...'..))##...##.'...'.##
#....#)..)##....###...##
#....#..))##......#.[.+
#######################


You could see 3 rakshasas and 3 naga magi.

Vanquished Creatures
  An orc high priest (D)
  Sonja (D)
  A swamp dragon (D)
  A cyclops (D)
  A naga mage (D)
  A komodo dragon (D)
  A hellwing (D)
  2 jumping spiders (D)
  A snapping turtle (D)
  Grum (D)
  2 steam dragons (D)
  A hungry ghost (D)
  3 vampire mosquitoes (D)
  A warg (D)
  A floating eye (D)
  A necrophage (D)
  2 black bears (D)
  4 wolves (D)
  A centaur (D)
  A crimson imp (D)
  2 gnoll shamans (D)
  An iron imp (D)
  Terence (D)
  A hell rat (D)
  3 worker ants (D)
  10 gnolls (D)
  2 white imps (D)
  An ooze (D)
  A worm (D)
  A leopard gecko (D)
  A bat (D)
  A giant cockroach (D)
  A kobold (D)
  A quokka (D)
55 creatures vanquished.

Vanquished Creatures (others)
  A naga ritualist (D)
  A ball python (D)
2 creatures vanquished.

Grand Total: 57 creatures vanquished

Notes
Turn   | Place    | Note
-------+----------+-------------------------------------------
     0 | D        | Redear the Gnoll Skald began the quest for the Orb.
     0 | D        | Reached XP level 1. HP: 20/20 MP: 6/6
    10 | D        | Noticed a worker ant
    16 | D        | Killed a worker ant
    16 | D        | Reached skill level 1 in Short Blades
    16 | D        | Reached skill level 1 in Axes
    16 | D        | Reached skill level 1 in Maces & Flails
    16 | D        | Reached skill level 1 in Polearms
    16 | D        | Reached skill level 1 in Staves
    16 | D        | Reached skill level 1 in Slings
    16 | D        | Reached skill level 1 in Bows
    16 | D        | Reached skill level 1 in Crossbows
    16 | D        | Reached skill level 1 in Throwing
    16 | D        | Reached skill level 3 in Armour
    16 | D        | Reached skill level 1 in Stealth
    16 | D        | Reached skill level 1 in Shields
    16 | D        | Reached skill level 1 in Unarmed Combat
    16 | D        | Reached skill level 5 in Spellcasting
    16 | D        | Reached skill level 1 in Conjurations
    16 | D        | Reached skill level 1 in Hexes
    16 | D        | Reached skill level 1 in Summonings
    16 | D        | Reached skill level 1 in Necromancy
    16 | D        | Reached skill level 1 in Translocations
    16 | D        | Reached skill level 1 in Transmutations
    16 | D        | Reached skill level 1 in Fire Magic
    16 | D        | Reached skill level 1 in Ice Magic
    16 | D        | Reached skill level 1 in Air Magic
    16 | D        | Reached skill level 1 in Earth Magic
    16 | D        | Reached skill level 1 in Poison Magic
    16 | D        | Reached skill level 1 in Invocations
    16 | D        | Reached skill level 1 in Evocations
    16 | D        | Reached XP level 2. HP: 22/26 MP: 8/8
    47 | D        | Found a glowing golden altar of the Shining One.
    47 | D        | Found a glowing silver altar of Zin.
    47 | D        | Found a basalt altar of Yredelemnul.
    47 | D        | Found a shimmering altar of Xom.
    47 | D        | Found an ornate altar of the Wu Jian Council.
    47 | D        | Found a bloodstained altar of Trog.
    47 | D        | Found a deep blue altar of Sif Muna.
    47 | D        | Found a sacrificial altar of Ru.
    47 | D        | Found a stormy altar of Qazlal.
    47 | D        | Found an iron altar of Okawaru.
    47 | D        | Found a sparkling altar of Nemelex Xobeh.
    47 | D        | Found a burning altar of Makhleb.
    47 | D        | Found a viscous altar of Jiyva.
    47 | D        | Found a hazy altar of Hepliaklqana.
    47 | D        | Found an opulent altar of Gozag.
    47 | D        | Found a blossoming altar of Fedhas.
    47 | D        | Found a white marble altar of Elyvilon.
    47 | D        | Found a shadowy altar of Dithmenos.
    47 | D        | Found a snail-covered altar of Cheibriados.
    48 | D        | Found a radiant altar of Vehumet.
    48 | D        | Found a corrupted altar of Lugonu.
    48 | D        | Found a roughly hewn altar of Beogh.
    49 | D        | Found a hide-covered altar of Uskayaw.
    49 | D        | Found an ancient bone altar of Kikubaaqudgha.
    49 | D        | Found a shattered altar of Ashenzari.
    58 | D        | Became a worshipper of Cheibriados the Contemplative
    74 | D        | Learned a level 2 spell: Song of Slaying
    77 | D        | Learned a level 2 spell: Shroud of Golubria
    77 | D        | Noticed a floating eye
    80 | D        | Killed a floating eye
    80 | D        | Reached skill level 5 in Fighting
    80 | D        | Reached skill level 3 in Short Blades
    80 | D        | Reached skill level 5 in Long Blades
    80 | D        | Reached skill level 3 in Axes
    80 | D        | Reached skill level 3 in Maces & Flails
    80 | D        | Reached skill level 3 in Polearms
    80 | D        | Reached skill level 3 in Staves
    80 | D        | Reached skill level 3 in Slings
    80 | D        | Reached skill level 3 in Bows
    80 | D        | Reached skill level 3 in Crossbows
    80 | D        | Reached skill level 3 in Throwing
    80 | D        | Reached skill level 4 in Armour
    80 | D        | Reached skill level 5 in Dodging
    80 | D        | Reached skill level 3 in Stealth
    80 | D        | Reached skill level 3 in Shields
    80 | D        | Reached skill level 3 in Unarmed Combat
    80 | D        | Reached skill level 2 in Conjurations
    80 | D        | Reached skill level 2 in Hexes
    80 | D        | Reached skill level 6 in Charms
    80 | D        | Reached skill level 2 in Summonings
    80 | D        | Reached skill level 2 in Necromancy
    80 | D        | Reached skill level 2 in Translocations
    80 | D        | Reached skill level 2 in Transmutations
    80 | D        | Reached skill level 2 in Fire Magic
    80 | D        | Reached skill level 2 in Ice Magic
    80 | D        | Reached skill level 2 in Air Magic
    80 | D        | Reached skill level 2 in Earth Magic
    80 | D        | Reached skill level 2 in Poison Magic
    80 | D        | Reached skill level 3 in Invocations
    80 | D        | Reached skill level 3 in Evocations
    80 | D        | Reached XP level 3. HP: 33/33 MP: 10/10
    80 | D        | Reached XP level 4. HP: 39/39 MP: 11/11
    80 | D        | Reached XP level 5. HP: 45/45 MP: 13/13
    83 | D        | Reached * piety under Cheibriados
    87 | D        | Reached skill level 6 in Spellcasting
    91 | D        | Reached ** piety under Cheibriados
    96 | D        | Noticed Terence
   121 | D        | Killed Terence
   121 | D        | Reached *** piety under Cheibriados
   121 | D        | Reached skill level 6 in Fighting
   121 | D        | Reached skill level 6 in Long Blades
   121 | D        | Reached skill level 6 in Dodging
   121 | D        | Reached skill level 3 in Conjurations
   121 | D        | Reached skill level 3 in Hexes
   121 | D        | Reached skill level 3 in Summonings
   121 | D        | Reached skill level 3 in Necromancy
   121 | D        | Reached skill level 3 in Translocations
   121 | D        | Reached skill level 3 in Transmutations
   121 | D        | Reached skill level 3 in Fire Magic
   121 | D        | Reached skill level 3 in Ice Magic
   121 | D        | Reached skill level 3 in Air Magic
   121 | D        | Reached skill level 3 in Earth Magic
   121 | D        | Reached skill level 3 in Poison Magic
   121 | D        | Reached skill level 4 in Invocations
   271 | D        | Noticed a hungry ghost
   271 | D        | Noticed a necrophage
   287 | D        | Killed a necrophage
   287 | D        | Reached **** piety under Cheibriados
   287 | D        | Reached skill level 4 in Short Blades
   287 | D        | Reached skill level 4 in Axes
   287 | D        | Reached skill level 4 in Maces & Flails
   287 | D        | Reached skill level 4 in Polearms
   287 | D        | Reached skill level 4 in Staves
   287 | D        | Reached skill level 4 in Slings
   287 | D        | Reached skill level 4 in Bows
   287 | D        | Reached skill level 4 in Crossbows
   287 | D        | Reached skill level 4 in Throwing
   287 | D        | Reached skill level 5 in Armour
   287 | D        | Reached skill level 4 in Stealth
   287 | D        | Reached skill level 4 in Shields
   287 | D        | Reached skill level 4 in Unarmed Combat
   287 | D        | Reached skill level 4 in Evocations
   287 | D        | Reached XP level 6. HP: 42/52 MP: 13/15
   306 | D        | Killed a hungry ghost
   306 | D        | Reached skill level 5 in Short Blades
   306 | D        | Reached skill level 5 in Axes
   306 | D        | Reached skill level 5 in Maces & Flails
   306 | D        | Reached skill level 5 in Polearms
   306 | D        | Reached skill level 5 in Staves
   306 | D        | Reached skill level 5 in Slings
   306 | D        | Reached skill level 5 in Bows
   306 | D        | Reached skill level 5 in Crossbows
   306 | D        | Reached skill level 5 in Throwing
   306 | D        | Reached skill level 5 in Stealth
   306 | D        | Reached skill level 5 in Shields
   306 | D        | Reached skill level 5 in Unarmed Combat
   306 | D        | Reached skill level 7 in Spellcasting
   306 | D        | Reached skill level 4 in Conjurations
   306 | D        | Reached skill level 4 in Hexes
   306 | D        | Reached skill level 4 in Summonings
   306 | D        | Reached skill level 4 in Necromancy
   306 | D        | Reached skill level 4 in Translocations
   306 | D        | Reached skill level 4 in Transmutations
   306 | D        | Reached skill level 4 in Fire Magic
   306 | D        | Reached skill level 4 in Ice Magic
   306 | D        | Reached skill level 4 in Air Magic
   306 | D        | Reached skill level 4 in Earth Magic
   306 | D        | Reached skill level 4 in Poison Magic
   306 | D        | Reached skill level 5 in Invocations
   306 | D        | Reached skill level 5 in Evocations
   306 | D        | Reached XP level 7. HP: 49/58 MP: 13/17
   311 | D        | Reached skill level 7 in Charms
   314 | D        | Reached ***** piety under Cheibriados
   322 | D        | Reached skill level 7 in Fighting
   322 | D        | Reached skill level 7 in Long Blades
   322 | D        | Reached skill level 7 in Dodging
   341 | D        | Learned a level 3 spell: Regeneration
   360 | D        | Noticed an orc high priest
   368 | D        | Noticed a ynoxinul
   368 | D        | Noticed a chaos spawn
   371 | D        | Killed an orc high priest
   371 | D        | Reached skill level 6 in Short Blades
   371 | D        | Reached skill level 6 in Axes
   371 | D        | Reached skill level 6 in Maces & Flails
   371 | D        | Reached skill level 6 in Polearms
   371 | D        | Reached skill level 6 in Staves
   371 | D        | Reached skill level 6 in Slings
   371 | D        | Reached skill level 6 in Bows
   371 | D        | Reached skill level 6 in Crossbows
   371 | D        | Reached skill level 6 in Throwing
   371 | D        | Reached skill level 6 in Armour
   371 | D        | Reached skill level 6 in Stealth
   371 | D        | Reached skill level 6 in Shields
   371 | D        | Reached skill level 6 in Unarmed Combat
   371 | D        | Reached skill level 8 in Spellcasting
   371 | D        | Reached skill level 5 in Conjurations
   371 | D        | Reached skill level 5 in Hexes
   371 | D        | Reached skill level 5 in Summonings
   371 | D        | Reached skill level 5 in Necromancy
   371 | D        | Reached skill level 5 in Translocations
   371 | D        | Reached skill level 5 in Transmutations
   371 | D        | Reached skill level 5 in Fire Magic
   371 | D        | Reached skill level 5 in Ice Magic
   371 | D        | Reached skill level 5 in Air Magic
   371 | D        | Reached skill level 5 in Earth Magic
   371 | D        | Reached skill level 5 in Poison Magic
   371 | D        | Reached skill level 7 in Invocations
   371 | D        | Reached skill level 6 in Evocations
   371 | D        | Reached XP level 8. HP: 44/67 MP: 7/20
   376 | D        | Reached skill level 8 in Fighting
   376 | D        | Reached skill level 8 in Long Blades
   376 | D        | Reached skill level 7 in Armour
   376 | D        | Reached skill level 8 in Dodging
   383 | D        | Reached ****** piety under Cheibriados
   451 | D        | Reached skill level 8 in Charms
   500 | D        | Gained mutation: Armour fits poorly on your strangely
                  | shaped body. [potion of mutation]
   500 | D        | Gained mutation: You have a pair of small horns on your
                  | head. [potion of mutation]
   501 | D        | Lost mutation: Armour fits poorly on your strangely shaped
                  | body. [potion of mutation]
   501 | D        | Lost mutation: You have a pair of small horns on your head.
                  | [potion of mutation]
   501 | D        | Gained mutation: Your flesh is cold resistant. (rC+)
                  | [potion of mutation]
   501 | D        | Gained mutation: You have sharp toenails. [potion of
                  | mutation]
   501 | D        | Gained mutation: You possess an exceptional clarity of
                  | mind. [potion of mutation]
   568 | D        | Noticed a jumping spider
   575 | D        | Killed a jumping spider
   575 | D        | Reached skill level 7 in Short Blades
   575 | D        | Reached skill level 7 in Axes
   575 | D        | Reached skill level 7 in Maces & Flails
   575 | D        | Reached skill level 7 in Polearms
   575 | D        | Reached skill level 7 in Staves
   575 | D        | Reached skill level 7 in Slings
   575 | D        | Reached skill level 7 in Bows
   575 | D        | Reached skill level 7 in Crossbows
   575 | D        | Reached skill level 7 in Throwing
   575 | D        | Reached skill level 7 in Stealth
   575 | D        | Reached skill level 7 in Shields
   575 | D        | Reached skill level 7 in Unarmed Combat
   575 | D        | Reached skill level 7 in Evocations
   575 | D        | Reached XP level 9. HP: 32/75 MP: 21/21
   588 | D        | Noticed a swamp dragon
   595 | D        | Killed a swamp dragon
   595 | D        | Reached skill level 8 in Armour
   595 | D        | Reached skill level 9 in Spellcasting
   595 | D        | Reached skill level 6 in Conjurations
   595 | D        | Reached skill level 6 in Hexes
   595 | D        | Reached skill level 6 in Summonings
   595 | D        | Reached skill level 6 in Necromancy
   595 | D        | Reached skill level 6 in Translocations
   595 | D        | Reached skill level 6 in Transmutations
   595 | D        | Reached skill level 6 in Fire Magic
   595 | D        | Reached skill level 6 in Ice Magic
   595 | D        | Reached skill level 6 in Air Magic
   595 | D        | Reached skill level 6 in Earth Magic
   595 | D        | Reached skill level 6 in Poison Magic
   595 | D        | Reached skill level 8 in Invocations
   623 | D        | Noticed a jumping spider
   628 | D        | Reached skill level 9 in Fighting
   628 | D        | Reached skill level 9 in Long Blades
   628 | D        | Reached skill level 9 in Dodging
   630 | D        | HP: 5/76 [vampire mosquito (8)]
   635 | D        | Killed a jumping spider
   668 | D        | Reached skill level 8 in Short Blades
   668 | D        | Reached skill level 8 in Axes
   668 | D        | Reached skill level 8 in Maces & Flails
   668 | D        | Reached skill level 8 in Polearms
   668 | D        | Reached skill level 8 in Staves
   668 | D        | Reached skill level 8 in Slings
   668 | D        | Reached skill level 8 in Bows
   668 | D        | Reached skill level 8 in Crossbows
   668 | D        | Reached skill level 8 in Throwing
   668 | D        | Reached skill level 8 in Stealth
   668 | D        | Reached skill level 8 in Shields
   668 | D        | Reached skill level 8 in Unarmed Combat
   668 | D        | Reached skill level 8 in Evocations
   819 | D        | Noticed a komodo dragon
   828 | D        | Killed a komodo dragon
   828 | D        | Reached XP level 10. HP: 27/83 MP: 23/23
  1080 | D        | Reached skill level 9 in Invocations
  1121 | D        | Noticed a cyclops
  1135 | D        | Killed a cyclops
  1135 | D        | Reached skill level 7 in Conjurations
  1135 | D        | Reached skill level 7 in Hexes
  1135 | D        | Reached skill level 9 in Charms
  1135 | D        | Reached skill level 7 in Summonings
  1135 | D        | Reached skill level 7 in Necromancy
  1135 | D        | Reached skill level 7 in Translocations
  1135 | D        | Reached skill level 7 in Transmutations
  1135 | D        | Reached skill level 7 in Fire Magic
  1135 | D        | Reached skill level 7 in Ice Magic
  1135 | D        | Reached skill level 7 in Air Magic
  1135 | D        | Reached skill level 7 in Earth Magic
  1135 | D        | Reached skill level 7 in Poison Magic
  1142 | D        | Reached skill level 9 in Armour
  1150 | D        | Noticed a naga ritualist
  1150 | D        | Noticed Grum
  1152 | D        | Noticed a naga mage
  1152 | D        | Noticed a naga mage
  1160 | D        | Reached skill level 10 in Spellcasting
  1161 | D        | Noticed a rakshasa
  1170 | D        | Killed Grum
  1179 | D        | Noticed Sonja
  1183 | D        | Noticed a salamander
  1185 | D        | Killed a naga mage
  1185 | D        | Reached skill level 10 in Fighting
  1185 | D        | Reached skill level 9 in Short Blades
  1185 | D        | Reached skill level 10 in Long Blades
  1185 | D        | Reached skill level 9 in Axes
  1185 | D        | Reached skill level 9 in Maces & Flails
  1185 | D        | Reached skill level 9 in Polearms
  1185 | D        | Reached skill level 9 in Staves
  1185 | D        | Reached skill level 9 in Slings
  1185 | D        | Reached skill level 9 in Bows
  1185 | D        | Reached skill level 9 in Crossbows
  1185 | D        | Reached skill level 9 in Throwing
  1185 | D        | Reached skill level 10 in Dodging
  1185 | D        | Reached skill level 9 in Stealth
  1185 | D        | Reached skill level 9 in Shields
  1185 | D        | Reached skill level 9 in Unarmed Combat
  1185 | D        | Reached skill level 9 in Evocations
  1186 | D        | Killed Sonja
  1193 | D        | Killed a naga ritualist
  1193 | D        | Reached skill level 10 in Invocations
  1193 | D        | Killed from afar by a naga mage (illusionary)

Levels and vault maps discovered:
D:        pitsprint [storerooms_1, entrance_room_1, metal_vault_6, armoury_3,
          mini_pit_1, grid_room_1, main_hall_1, silver_pit, the_coven_1,
          the_vestibule_1, steel_vault_5, golden_pit, hallway_of_sentries,
          crystal_vault_2, iron_vault_2, final_vault]

Skill      XL: |  1  2  3  4  5  6  7  8  9 10 |
---------------+-------------------------------+-----
Short Blades   | 1 3 4 5 6 7 8 9 |  9.3
Axes           | 1 3 4 5 6 7 8 9 |  9.3
Maces & Flails | 1 3 4 5 6 7 8 9 |  9.3
Polearms       | 1 3 4 5 6 7 8 9 |  9.3
Staves         | 1 3 4 5 6 7 8 9 |  9.3
Slings         | 1 3 4 5 6 7 8 9 |  9.3
Bows           | 1 3 4 5 6 7 8 9 |  9.3
Crossbows      | 1 3 4 5 6 7 8 9 |  9.3
Throwing       | 1 3 4 5 6 7 8 9 |  9.3
Armour         | 3 4 5 6 7 8 9 |  9.7
Stealth        | 1 3 4 5 6 7 8 9 |  9.3
Shields        | 1 3 4 5 6 7 8 9 |  9.3
Unarmed Combat | 1 3 4 5 6 7 8 9 |  9.3
Spellcasting   | 5 6 7 8 9 10 | 10.5
Conjurations   | 1 2 3 4 5 6 7 |  7.8
Hexes          | 1 2 3 4 5 6 7 |  7.8
Summonings     | 1 2 3 4 5 6 7 |  7.8
Necromancy     | 1 2 3 4 5 6 7 |  7.8
Translocations | 1 2 3 4 5 6 7 |  7.8
Transmutations | 1 2 3 4 5 6 7 |  7.8
Fire Magic     | 1 2 3 4 5 6 7 |  7.8
Ice Magic      | 1 2 3 4 5 6 7 |  7.8
Air Magic      | 1 2 3 4 5 6 7 |  7.8
Earth Magic    | 1 2 3 4 5 6 7 |  7.8
Poison Magic   | 1 2 3 4 5 6 7 |  7.8
Invocations    | 1 3 4 5 7 8 10 | 10.1
Evocations     | 1 3 4 5 6 7 8 9 |  9.3
Fighting       | 5 6 7 8 9 10 | 10.3
Long Blades    | 5 6 7 8 9 10 | 10.3
Dodging        | 5 6 7 8 9 10 | 10.3
Charms         | 6 7 8 9 |  9.5

Action                   |  1- 3 |  4- 6 |  7- 9 | 10-12 || total
-------------------------+-------+-------+-------+-------++-------
Melee: Falchion          |     7 |    60 |    92 |     8 ||   167
       Bite              |       |    16 |    27 |    14 ||    57
       Punch             |       |     1 |     3 |     2 ||     6
       Kick              |       |       |    22 |    27 ||    49
       Scimitar          |       |       |       |    31 ||    31
       Dagger            |       |       |       |     1 ||     1
 Cast: Infusion          |       |     2 |     3 |     1 ||     6
       Regeneration      |       |       |     4 |     3 ||     7
Invok: Slouch            |       |       |     1 |     3 ||     4
  Use: Potion            |       |     1 |     8 |     2 ||    11
       Scroll            |       |       |     1 |       ||     1
 Stab: Sleeping          |     1 |     2 |     3 |     1 ||     7
  Eat: Chunk             |       |       |     4 |       ||     4
Armor: Leather armour    |     1 |     4 |       |       ||     5
       Ring mail         |       |     8 |    32 |     7 ||    47
Dodge: Dodged            |     4 |    51 |   121 |    43 ||   219
       Rpst.: Falchion   |     2 |    13 |    18 |     2 ||    35
       Scimitar          |       |       |       |     6 ||     6

Table legend:
 A = Non-vault XP
 B = Vault XP
 C = Vault XP percentage of total XP
 D = Non-vault monster count
 E = Vault monster count
 F = Vault count percentage of total count
                 A         B        C        D         E       F
            +---------+---------+-------+---------+---------+-------
      Total |       0 |    8641 | 100.0 |       0 |      56 | 100.0
            +---------+---------+-------+---------+---------+-------
          D |       0 |    8641 | 100.0 |       0 |      56 | 100.0
            +---------+---------+-------+---------+---------+-------
